[Event "Team 45 45 League T36"]
[Site "Internet Chess Club"]
[Date "2008.02.28"]
[Round "6"]
[White "chess9397"]
[Black "AntonioMendonca"]
[Result "0-1"]
[WhiteElo "1806"]
[BlackElo "1768"]
[Opening "Sicilian: Grand Prix attack"]
[ECO "B23"]
[Time "19:10:02"]
[TimeControl "2700+45"]

1. e4 c5 2. Nc3 Nc6 3. f4 g6 4. Nf3 Bg7 5. Bc4 e6 6. d3 Nge7 7. Be3 d5 8. exd5
exd5 9. Bxc5 dxc4 10. O-O b6 11. Ba3 O-O 12. dxc4 Qxd1 13. Raxd1 Bxc3 14. bxc3
Be6 15. Rfe1 Rfe8 16. Re4 Na5 17. Nd4 Nec6 18. Nxe6 Rxe6 19. Rxe6 fxe6 20. c5
Nc4 21. Bb4 Ne3 22. Rd6 Nxb4 23. cxb4 Nxc2 24. c6 Rc8 25. b5 Na3 26. Rd7 Nxb5
27. a4 Nc7 28. Kf2 Nd5 29. Rxa7 Rxc6 30. Ra8+ Kg7 31. Ra7+ Rc7 32. Rxc7+ Nxc7
33. Kf3 Nd5 34. Ke4 Nc3+ 35. Kd4 Nxa4 36. Kc4 Nb2+ 37. Kb5 Nd3 38. g3 Nf2 39.
Kxb6 Ng4 40. h3 Nf6 41. Kc6 Nh5 42. Kd6 Kf6 {White resigns} 0-1

[Event "Team 45 45 League T36"]
[Site "Internet Chess Club"]
[Date "2008.03.03"]
[Round "6"]
[White "Mikey29a"]
[Black "WoadRaider"]
[Result "1-0"]
[WhiteElo "1666"]
[BlackElo "1625"]
[Opening "Sicilian defense"]
[ECO "B34"]
[Time "19:32:03"]
[TimeControl "2700+45"]

1. e4 c5 2. Nf3 Nc6 3. d4 cxd4 4. Nxd4 g6 5. Nb3 Bg7 6. Nc3 d6 7. Be3 Nf6 8. Qd2
Ng4 9. Bg5 Bd7 10. f3 Nge5 11. Bh6 O-O 12. Bxg7 Kxg7 13. f4 Ng4 14. h3 Nf6 15.
O-O-O a6 16. g4 b5 17. Bg2 b4 18. Ne2 a5 19. Kb1 a4 20. Nbd4 Nxd4 21. Qxd4 Rb8
22. g5 b3 23. gxf6+ exf6 24. cxb3 axb3 25. axb3 Rxb3 26. Qxd6 Rb7 27. e5 Ra7 28.
Qxf6+ Qxf6 29. exf6+ Kxf6 30. Ng3 Ra6 31. Rxd7 Rb8 32. Rhd1 Rab6 33. R1d6+ Kg7
34. Rxb6 Rxb6 35. Bd5 Kh6 36. Bxf7 g5 37. Nf5# {Black checkmated} 1-0

[Event "Team 45 45 League T36"]
[Site "Internet Chess Club"]
[Date "2008.03.03"]
[Round "6"]
[White "powerchess1"]
[Black "RingLord"]
[Result "1/2-1/2"]
[WhiteElo "1713"]
[BlackElo "1558"]
[Opening "Queen's pawn game"]
[ECO "A46"]
[Time "19:01:05"]
[TimeControl "2700+45"]

1. d4 Nf6 2. Nf3 e6 3. Bf4 Be7 4. e3 O-O 5. Bd3 b6 6. Nbd2 Bb7 7. Qe2 d5 8. Ne5
Nc6 9. c3 Nxe5 10. dxe5 Nd7 11. Nf3 c5 12. h4 f6 13. exf6 Bxf6 14. Bxh7+ Kxh7
15. Ng5+ Kg8 16. Qh5 Bxg5 17. hxg5 Rf5 18. Qh7+ Kf8 19. Bd6+ Kf7 20. Qh5+ Kg8
21. Qh7+ Kf7 22. f4 Nf8 23. Bxf8 Kxf8 24. g4 Rf7 25. g6 Rd7 26. Qh8+ Ke7 27.
Qxg7+ Kd6 28. Qe5+ Kc6 29. Qxe6+ Rd6 30. Qf7 Rf6 31. Qh7 Qe8 32. Kd2 Qxg6 33.
Qxg6 Rxg6 34. g5 Rd8 35. Rh7 d4 36. cxd4 cxd4 37. Rc1+ Kb5 38. Rxb7 dxe3+ 39.
Kxe3 Re6+ 40. Kf3 a6 41. Rc2 Rd3+ 42. Kg4 Re4 43. Kf5 Rdd4 44. Rf7 Rxf4+ 45. Kg6
Rg4 46. Rf5+ Kb4 47. Rc3 Rd2 48. a3+ Ka4 49. Kh5 Rdg2 50. Rc6 a5 51. Rxb6 Rxg5+
52. Rxg5 Rxg5+ 53. Kxg5 {Black stalemated} 1/2-1/2